 Dungeon Crawl Stone Soup version 0.30.0 (webtiles) character file.

Game seed: 8601949867907016640

1 dialectric the Sneak (level 1, -5/14 HPs)
             Began as a Gargoyle Delver on May 6, 2023.
             Shot with an arrow by a centaur (8 damage)
             ... on level 5 of the Dungeon.
             The game lasted 00:00:30 (48 turns).

dialectric the Sneak (Gargoyle Delver)                Turns: 48, Time: 00:00:30

Health: -5/14      AC:  5    Str: 15    XL:     1   Next: 20%
Magic:  1/1        EV: 11    Int: 10    God:
Gold:   0          SH:  0    Dex: 11    Spells: 0/0 levels left

rFire   . . .        a - +0 falchion
rCold   . . .        (no shield)
rNeg    + . .        b - +0 leather armour
rPois   ∞            (no helmet)
rElec   +            (no cloak)
rCorr   .            (no gloves)
SInv    .            (no boots)
Will    .....        (no amulet)
Stlth   +++          (no ring)
HPRegen 0.22/turn    (no ring)
MPRegen 0.07/turn

%: no passive effects
@: no status effects
A: sickness immunity, AC +2, negative energy resistance 1, electricity
resistance, torment resistance 1, petrification resistance
a: no special abilities


You were on level 5 of the Dungeon.
You visited 1 branch of the dungeon, and saw 1 of its levels.

Inventory:

Hand Weapons
 a - a +0 falchion (weapon)
Armour
 b - a +0 leather armour (worn)
Wands
 g - a wand of digging (3)
Scrolls
 c - a scroll of fog
 d - a scroll of magic mapping
 e - a scroll of fear
Potions
 f - a potion of haste


   Skills:
 + Level 3.3 Fighting
 + Level 1.7 Long Blades
 + Level 1.5 Dodging
 + Level 5.5 Stealth


You couldn't memorise any spells.
You didn't know any spells.
Your spell library was empty.

Dungeon Overview and Level Annotations

Branches:
Dungeon (5/15)
 Temple: D:4-7

Altars:


Innate Abilities, Weirdness & Mutations

You are immune to sickness and miasma.
Your stone body is resilient. (AC +2)
You are immune to poison.
You resist negative energy. (rN+)
You are resistant to electric shocks. (rElec)
You are resistant to unholy torment.
You are immune to petrification.


Message History

An iguana comes into view.
The jackal bites you but does no damage.
The jackal bites you. The jackal attacks as you move away!
The jackal bites you.
The iguana hisses angrily.
The jackal attacks as you move away! The jackal bites you.
The jackal attacks as you move away!
The jackal bites you but does no damage.
The jackal attacks as you move away! The jackal bites you.
* * * LOW HITPOINT WARNING * * *
Found 8 gold pieces.
The jackal closely misses you. x2
The shadow imp shouts, "Slither home, thou froward crook-pated gonus!"
The jackal attacks as you move away!
The jackal bites you but does no damage.
Found a long fluorescent wand.
The jackal attacks as you move away! The jackal barely misses you.
Found an escape hatch in the ceiling.
The jackal bites you but does no damage.
Okay, then.
The jackal attacks as you move away!
The jackal bites you but does no damage.
The shadow imp gestures at you. Pain shoots through your body!
* * * LOW HITPOINT WARNING * * *
The jackal attacks as you move away! The jackal barely misses you.
The jackal bites you but does no damage.
The jackal barely misses you.
Found 5 stones.
The jackal bites you.
* * * LOW HITPOINT WARNING * * *
The jackal barely misses you. The jackal attacks as you move away!
The jackal misses you.
A centaur comes into view.
The jackal attacks as you move away! The jackal bites you.
* * * LOW HITPOINT WARNING * * *
The centaur shouts!
The centaur wields a +0 shortbow.
The centaur shoots an arrow.
The arrow hits you!
Ouch! That really hurt!
You die...

...............###...#
........................
............###f........
...(........# #.........
.........##.# #.........
.........##.###.........
.............fl.........
....#....h.5............
.c.....@.h.Y$...........
............###.........
###...............###...
#...............# #...
......./.........# #...
........................
........................
................


You could see an ice beast, a sleepcap, a centaur, an iguana, a shadow imp and 2
jackals.

Vanquished Creatures
  A jackal (D:5)
1 creature vanquished.

Notes
Turn   | Place    | Note
-------+----------+-------------------------------------------
     0 | D:5      | dialectric the Gargoyle Delver began the quest for the Orb.
     0 | D:5      | Reached XP level 1. HP: 14/14 MP: 1/1
     4 | D:5      | Noticed an ice beast
    24 | D:5      | Noticed a sleepcap
    35 | D:5      | Noticed an iguana
    47 | D:5      | Noticed a centaur
    48 | D:5      | Shot with an arrow by a centaur

Illustrated notes

Levels and vault maps discovered:
D:5:      layout_basic

Action                     || total
---------------------------++-------
  Melee: Falchion          ||     5
 Armour: Leather armour    ||    13
  Dodge: Dodged            ||    17
